 Dungeon Crawl Stone Soup version 0.31-a0-174-g85c54bcb58 (webtiles) character file.

Game seed: 8842344097040044841

8477 qw the Skirmisher (level 11, -3/103 HPs)
             Began as a Naga Hunter on June 15, 2023.
             Was a Believer of Okawaru.
             Slain by a skeletal warrior
             ... wielding a +0 hand axe
              (14 damage)
             ... on level 11 of the Dungeon.
             The game lasted 00:03:57 (10720 turns).

qw the Skirmisher (Naga Hunter)                    Turns: 10720, Time: 00:03:58

Health: -3/103     AC: 10    Str: 11 (13) XL:     11   Next: 31%
Magic:  14/14      EV: 16    Int:  9      God:    Okawaru [**....]
Gold:   430        SH:  0    Dex: 20      Spells: 10/10 levels left

rFire   . . .        Y - +2 arbalest
rCold   + . .        (shield currently unavailable)
rNeg    . . .        g - +0 steam dragon scales
rPois   +            b - +1 helmet
rElec   .            (no cloak)
rCorr   +            (no gloves)
SInv    +            (no barding)
Will    ++...        (no amulet)
Stlth   ++++         h - ring of protection from cold
HPRegen 0.37/turn    d - ring of resist corrosion
MPRegen 0.14/turn

%: no passive effects
@: about to teleport, heroic, very slow
A: AC +3, large, see invisible, deformed body, poison resistance, slowness 2,
spit poison 1, naga tail 1, deterioration 1, strong-willed 1
a: Spit Poison, Renounce Religion, Heroism


You were on level 11 of the Dungeon.
You worshipped Okawaru.
Okawaru was pleased with you.
You visited 2 branches of the dungeon, and saw 14 of its levels.
You also visited: Sewer.

You collected 553 gold pieces.
You spent 123 gold pieces at shops.


Innate Abilities, Weirdness & Mutations

Your serpentine skin is tough. (AC +3)
You have supernaturally acute eyesight. (SInv)
Armour fits poorly on your strangely shaped body.
Your system is resistant to poisons. (rPois)
You cover ground very slowly.
You can spit poison.
You have a snake-like lower body.
Your body sometimes deteriorates upon taking damage.
You are strong-willed. (Will+)


   Skills:
 - Level 8.0(13.0) Fighting
 + Level 12.7(17.7) Ranged Weapons
 - Level 2.0(7.0) Armour
 - Level 5.4(10.4) Dodging
 - Level 1.5(6.5) Stealth
 - Level 4.0 Invocations


You had 10 spell levels left.
You didn't know any spells.
Your spell library was empty.

Inventory:

Hand Weapons
 Y - a +2 arbalest (weapon)
Armour
 b - a +1 helmet (worn)
 g - +0 steam dragon scales (worn)
Jewellery
 d - a ring of resist corrosion (right hand)
 h - a ring of protection from cold (left hand)
 l - a ring of positive energy
Scrolls
 a - 6 scrolls of identify
Potions
 e - 4 potions of cancellation
 f - a potion of magic
 i - 7 potions of curing
 j - 5 potions of mutation

Dungeon Overview and Level Annotations

Branches:
Dungeon (13/15)            Temple (1/1) D:5             Orc (0/2) D:9
  Sewer (visited)
   Lair: D:8-11      Vaults: D:13-14

Altars:
Ashenzari
Cheibriados
Dithmenos
Elyvilon
Fedhas
Gozag
Hepliaklqana
Kikubaaqudgha
Makhleb
Nemelex Xobeh
Okawaru
Qazlal
Ru
Sif Muna
Trog
Uskayaw
Vehumet
Wu Jian
Xom
Yredelemnul
Zin
The Shining One

Shops:
D:1 =   D:5 =   D:7 :   D:9 *

Annotations:
D:5 1 transporter, qw's ghost, amateur GrFi
D:12 Azrael


Message History

A swamp drake comes into view.
The skeletal warrior hits you but does no damage.
The skeletal warrior hits you with a +0 hand axe!!
Your body deteriorates!
You feel weakened.
You shoot a bolt.
The bolt hits the skeletal warrior but does no damage.
The skeletal warrior is moderately damaged.
The skeletal warrior completely misses you.
The skeletal warrior hits you with a +0 hand axe!
You shoot a bolt.
The bolt closely misses the skeletal warrior.
The bolt closely misses the orc warrior.
A wyvern comes into view.
The skeletal warrior hits you with a +0 dire flail.
The skeletal warrior hits you with a +0 hand axe.
A basilisk comes into view.
The wyvern moves out of view.
You shoot a bolt. The bolt hits the skeletal warrior.
The skeletal warrior is heavily damaged.
The skeletal warrior closely misses you.
The skeletal warrior hits you with a +0 hand axe!
You shoot a bolt.
The bolt closely misses the skeletal warrior.
The wyvern hisses angrily.
The bolt hits the skeletal warrior but does no damage.
The skeletal warrior hits you with a +0 dire flail!
The skeletal warrior hits you with a +0 hand axe.
A basilisk comes into view.
10719 ||| READING scroll of teleportation.
As you read the scroll of teleportation, it crumbles to dust.
You feel strangely unstable. The skeletal warrior barely misses you.
The skeletal warrior closely misses you.
You shoot a bolt.
The bolt closely misses the skeletal warrior.
The bolt hits the skeletal warrior.
The skeletal warrior is lightly damaged.
The skeletal warrior hits you with a +0 dire flail.
The skeletal warrior hits you with a +0 hand axe!
You die...

#.....#
#...............#
#.....#
#...........)...#
#.....#
#...............#
#######
#.....#####.....#
#
#######.......###
# #.####### # ###
### #.#########
##.....@zzo# ###
##....###zook...
##.# ####..####
l#ol...
...###...### ##
###. ###...####
#.###.# ### ###


You could see 3 skeletal warriors, 2 basilisks, a swamp drake, an orc warrior,
an orc priest, an orc wizard (invisible) and an orc.

Vanquished Creatures
  Erica (D:8)
  A skeletal warrior (D:11)
  A cyclops (D:12)
  A komodo dragon (D:11)
  An unseen horror (D:11)
  3 trolls
  A hornet (D:8)
  2 wraiths
  A basilisk (D:11)
  2 fire elementals (D:12)
  A human (D:9)
  A steam dragon (D:10)
  2 vampire mosquitoes (D:12)
  2 wargs (D:9)
  An acid dragon (D:9)
  2 hell hounds (D:12)
  3 sky beasts
  A black bear (D:4)
  5 orc warriors
  An ice beast (D:6)
  3 centaurs
  A phantom (D:5)
  3 kobold brigands
  5 bullfrogs
  5 scorpions
  7 wights
  2 howler monkeys (D:7)
  2 jellies (D:4)
  2 gnoll boudas
  11 orc priests
  3 hounds
  Terence (D:3)
  6 iguanas
  11 orc wizards
  14 adders
  8 gnolls
  A shadow imp (D:7)
  A white imp (D:8)
  2 ufetubi
  2 worms (Sewer)
  A dart slug (D:5)
  38 orcs
  11 ball pythons
  10 bats
  5 endoplasms
  5 giant cockroaches
  10 hobgoblins
  21 kobolds
  5 quokkas
  6 frilled lizards
  7 goblins
  8 rats
250 creatures vanquished.

Notes
Turn   | Place    | Note
-------+----------+-------------------------------------------
     0 | D:1      | qw the Naga Hunter began the quest for the Orb.
     0 | D:1      | Reached XP level 1. HP: 19/19 MP: 1/1
     0 | D:1      | 0 ||| qw: Version: 0.2-a-29-g511e9b1
     0 | D:1      | 0 ||| qw: Game counter: 5246
     0 | D:1      | 0 ||| qw: Always use a shield: true
     0 | D:1      | 0 ||| qw: God list: Okawaru
     0 | D:1      | 0 ||| qw: Allow faded altars: false
     0 | D:1      | 0 ||| qw: Do Orc after D:15 true
     0 | D:1      | 0 ||| qw: Do second Lair branch before Depths: true
     0 | D:1      | 0 ||| qw: Lair rune preference: random
     0 | D:1      | 0 ||| qw: Plans: Normal
     0 | D:1      | 0 ||| PLANNING D:1-11
    35 | D:1      | 35 ||| INVOKING Spit Poison.
    40 | D:1      | 40 ||| INVOKING Spit Poison.
    45 | D:1      | 45 ||| INVOKING Spit Poison.
    48 | D:1      | Reached skill level 4 in Ranged Weapons
    48 | D:1      | Reached XP level 2. HP: 26/26 MP: 2/2
    50 | D:1      | 50 ||| INVOKING Spit Poison.
    54 | D:1      | 54 ||| INVOKING Spit Poison.
    84 | D:1      | 84 ||| INVOKING Spit Poison.
    93 | D:1      | 93 ||| INVOKING Spit Poison.
   106 | D:1      | 106 ||| INVOKING Spit Poison.
   118 | D:1      | 118 ||| INVOKING Spit Poison.
   125 | D:1      | 125 ||| INVOKING Spit Poison.
   180 | D:1      | 180 ||| INVOKING Spit Poison.
   203 | D:1      | 203 ||| INVOKING Spit Poison.
   248 | D:1      | 248 ||| INVOKING Spit Poison.
   250 | D:1      | 250 ||| INVOKING Spit Poison.
   313 | D:1      | Found Suxzeiq's Jewellery Boutique.
   317 | D:1      | 317 ||| INVOKING Spit Poison.
   355 | D:1      | 355 ||| SHOPLISTING +6 ring of dexterity (432 gold, have
                  | 24).
   355 | D:1      | 355 ||| SHOPLISTING ring of positive energy (240 gold, have
                  | 24).
   355 | D:1      | 355 ||| SHOPLISTING ring of willpower (300 gold, have 24).
   373 | D:1      | Reached XP level 3. HP: 32/32 MP: 3/3
   382 | D:1      | 382 ||| INVOKING Spit Poison.
   391 | D:1      | Found a faded altar of an unknown god.
   613 | D:1      | 613 ||| INVOKING Spit Poison.
   713 | D:1      | 713 ||| UPGRADING to ring of protection from cold.
   714 | D:1      | 714 ||| READING scroll labelled HUD ZUFOHY QUN.
   815 | D:1      | 815 ||| READING scroll labelled MYCHYIGIAD.
   816 | D:1      | 816 ||| DROPPING scroll of butterflies.
   841 | D:2      | 841 ||| INVOKING Spit Poison.
   844 | D:2      | 844 ||| INVOKING Spit Poison.
   882 | D:2      | 882 ||| INVOKING Spit Poison.
   883 | D:2      | 883 ||| INVOKING Spit Poison.
   894 | D:2      | 894 ||| INVOKING Spit Poison.
   901 | D:2      | 901 ||| INVOKING Spit Poison.
   920 | D:2      | 920 ||| INVOKING Spit Poison.
  1082 | D:2      | 1082 ||| INVOKING Spit Poison.
  1106 | D:2      | 1106 ||| INVOKING Spit Poison.
  1118 | D:2      | 1118 ||| INVOKING Spit Poison.
  1131 | D:2      | 1131 ||| INVOKING Spit Poison.
  1133 | D:2      | Reached skill level 5 in Ranged Weapons
  1134 | D:2      | Reached XP level 4. HP: 39/39 MP: 4/4
  1135 | D:2      | 1135 ||| INVOKING Spit Poison.
  1141 | D:2      | 1141 ||| INVOKING Spit Poison.
  1146 | D:2      | 1146 ||| INVOKING Spit Poison.
  1146 | D:2      | HP: 9/39 [poisoned by an adder]
  1298 | D:2      | 1298 ||| INVOKING Spit Poison.
  1364 | D:2      | 1364 ||| INVOKING Spit Poison.
  1394 | D:2      | 1394 ||| INVOKING Spit Poison.
  1420 | D:2      | 1420 ||| INVOKING Spit Poison.
  1440 | D:2      | 1440 ||| INVOKING Spit Poison.
  1684 | D:2      | 1684 ||| INVOKING Spit Poison.
  1707 | D:2      | 1707 ||| INVOKING Spit Poison.
  1711 | D:2      | 1711 ||| INVOKING Spit Poison.
  1712 | D:2      | Reached skill level 3 in Fighting
  1768 | D:2      | 1768 ||| INVOKING Spit Poison.
  1820 | D:2      | 1820 ||| INVOKING Spit Poison.
  1823 | D:2      | 1823 ||| READING 2 scrolls labelled OMOH UTOMAIPP.
  1824 | D:2      | 1824 ||| READING scroll labelled FEFANK QIANN.
  1825 | D:2      | 1825 ||| READING scroll labelled KYCUGGIASKA.
  1967 | D:3      | 1967 ||| INVOKING Spit Poison.
  2100 | D:3      | 2100 ||| INVOKING Spit Poison.
  2103 | D:3      | 2103 ||| INVOKING Spit Poison.
  2108 | D:3      | 2108 ||| INVOKING Spit Poison.
  2112 | D:3      | 2112 ||| INVOKING Spit Poison.
  2116 | D:3      | HP: 10/42 [poisoned by an adder]
  2266 | D:3      | 2266 ||| INVOKING Spit Poison.
  2271 | D:3      | 2271 ||| INVOKING Spit Poison.
  2357 | D:3      | 2357 ||| INVOKING Spit Poison.
  2359 | D:3      | Noticed Terence
  2363 | D:3      | 2363 ||| INVOKING Spit Poison.
  2370 | D:3      | 2370 ||| INVOKING Spit Poison.
  2373 | D:3      | HP: 4/42 [Terence/+0 mace (8)]
  2374 | D:3      | 2374 ||| INVOKING Spit Poison.
  2374 | D:3      | Killed Terence
  2375 | D:3      | Reached XP level 5. HP: 5/49 MP: 5/5
  2632 | D:3      | Identified the +1 robe of Fun {rN+}
  2634 | D:3      | 2634 ||| INVOKING Spit Poison.
  2637 | D:3      | 2637 ||| INVOKING Spit Poison.
  2780 | D:3      | 2780 ||| INVOKING Spit Poison.
  2883 | D:3      | 2883 ||| UPGRADING to +1 robe of Fun {rN+}.
  2893 | D:3      | 2893 ||| DROPPING +0 leather armour.
  2894 | D:3      | 2894 ||| READING scroll labelled EMUOPNESYE.
  2895 | D:3      | 2895 ||| DRINKING 2 white potions.
  2896 | D:3      | 2896 ||| DRINKING 2 orange potions.
  2897 | D:3      | 2897 ||| READING 3 scrolls of identify.
  2897 | D:3      | 2897 ||| IDENTIFYING bubbling orange potion
  2898 | D:3      | 2898 ||| READING 2 scrolls of identify.
  2898 | D:3      | 2898 ||| IDENTIFYING metallic grey potion
  2899 | D:3      | 2899 ||| DROPPING potion of attraction.
  2942 | D:4      | 2942 ||| INVOKING Spit Poison.
  2948 | D:4      | 2948 ||| INVOKING Spit Poison.
  2955 | D:4      | 2955 ||| INVOKING Spit Poison.
  2960 | D:4      | 2960 ||| INVOKING Spit Poison.
  2962 | D:4      | Reached skill level 6 in Ranged Weapons
  2962 | D:4      | Reached XP level 6. HP: 17/56 MP: 6/6
  3102 | D:4      | Noticed a black bear
  3103 | D:4      | 3103 ||| INVOKING Spit Poison.
  3108 | D:4      | 3108 ||| INVOKING Spit Poison.
  3110 | D:4      | Killed a black bear
  3171 | D:4      | 3171 ||| INVOKING Spit Poison.
  3186 | D:4      | 3186 ||| INVOKING Spit Poison.
  3191 | D:4      | 3191 ||| INVOKING Spit Poison.
  3228 | D:4      | 3228 ||| INVOKING Spit Poison.
  3232 | D:4      | 3232 ||| INVOKING Spit Poison.
  3237 | D:4      | 3237 ||| INVOKING Spit Poison.
  3335 | D:4      | 3335 ||| INVOKING Spit Poison.
  3347 | D:4      | 3347 ||| INVOKING Spit Poison.
  3351 | D:4      | 3351 ||| INVOKING Spit Poison.
  3357 | D:4      | 3357 ||| INVOKING Spit Poison.
  3360 | D:4      | Reached XP level 7. HP: 58/64 MP: 7/7
  3362 | D:4      | 3362 ||| INVOKING Spit Poison.
  3388 | D:4      | 3388 ||| INVOKING Spit Poison.
  3435 | D:4      | 3435 ||| INVOKING Spit Poison.
  3436 | D:4      | 3436 ||| Stepping ~*~*~tactically~*~*~ (outnumbered).
  3442 | D:4      | 3442 ||| INVOKING Spit Poison.
  3447 | D:4      | 3447 ||| INVOKING Spit Poison.
  3453 | D:4      | 3453 ||| INVOKING Spit Poison.
  3500 | D:4      | 3500 ||| INVOKING Spit Poison.
  3507 | D:4      | 3507 ||| INVOKING Spit Poison.
  3593 | D:4      | Found a basalt altar of Yredelemnul.
  3594 | D:4      | Found a burning altar of Makhleb.
  3712 | D:4      | 3712 ||| INVOKING Spit Poison.
  3715 | D:4      | 3715 ||| INVOKING Spit Poison.
  3716 | D:4      | Reached skill level 7 in Ranged Weapons
  3788 | D:4      | 3788 ||| INVOKING Spit Poison.
  3794 | D:4      | 3794 ||| INVOKING Spit Poison.
  3804 | D:4      | 3804 ||| UPGRADING to +0 helmet.
  3809 | D:4      | 3809 ||| READING scroll labelled DIP YTZEUJI.
  3857 | D:5      | Entered Level 5 of the Dungeon
  3858 | D:5      | 3858 ||| PLANNING SEWER
  3858 | D:5      | 3858 ||| INVOKING Spit Poison.
  3889 | D:5      | Found a glowing drain.
  3894 | D:5      | 3894 ||| INVOKING Spit Poison.
  3902 | Sewer    | Entered a sewer
  3921 | Sewer    | 3921 ||| INVOKING Spit Poison.
  3932 | Sewer    | 3932 ||| INVOKING Spit Poison.
  3938 | Sewer    | 3938 ||| INVOKING Spit Poison.
  3943 | Sewer    | 3943 ||| INVOKING Spit Poison.
  3947 | Sewer    | 3947 ||| INVOKING Spit Poison.
  4030 | Sewer    | 4030 ||| INVOKING Spit Poison.
  4033 | Sewer    | Reached XP level 8. HP: 72/72 MP: 8/8
  4107 | Sewer    | 4107 ||| INVOKING Spit Poison.
  4139 | Sewer    | 4139 ||| INVOKING Spit Poison.
  4155 | Sewer    | 4155 ||| READING scroll of enchant armour.
  4155 | Sewer    | 4155 ||| ENCHANTING +0 helmet.
  4188 | Sewer    | 4188 ||| READING scroll labelled ANAIDOAHOTA.
  4193 | Sewer    | 4193 ||| READING 2 scrolls of identify.
  4193 | Sewer    | 4193 ||| IDENTIFYING viscous purple potion
  4194 | Sewer    | 4194 ||| DROPPING potion of lignification.
  4223 | D:5      | 4223 ||| PLANNING D:1-11
  4244 | D:5      | 4244 ||| INVOKING Spit Poison.
  4249 | D:5      | Reached skill level 8 in Ranged Weapons
  4267 | D:5      | Found a transporter.
  4268 | D:5      | Noticed qw's ghost (amateur GrFi)
  4294 | D:5      | Identified the +2 dire flail of the Saviour {holy, Str+5}
  4310 | D:5      | 4310 ||| INVOKING Spit Poison.
  4316 | D:5      | 4316 ||| INVOKING Spit Poison.
  4320 | D:5      | 4320 ||| Stepping ~*~*~tactically~*~*~ (outnumbered).
  4327 | D:5      | 4327 ||| INVOKING Spit Poison.
  4333 | D:5      | 4333 ||| INVOKING Spit Poison.
  4337 | D:5      | 4337 ||| DRINKING 4 potions of curing.
  4337 | D:5      | 4337 ||| (to cure confusion)
  4338 | D:5      | 4338 ||| INVOKING Spit Poison.
  4395 | D:5      | 4395 ||| READING scroll of enchant weapon.
  4395 | D:5      | 4395 ||| ENCHANTING +1 shortbow.
  4450 | D:5      | Found a staircase to the Ecumenical Temple.
  4451 | D:5      | 4451 ||| PLANNING TEMPLE
  4451 | D:5      | 4451 ||| READING scroll labelled FOFAUPTOXES.
  4452 | D:5      | 4452 ||| DRINKING 2 metallic blue potions.
  4452 | D:5      | Gained mutation: Your body sometimes deteriorates upon
                  | taking damage. [potion of mutation]
  4452 | D:5      | Gained mutation: You are strong-willed. (Will+) [potion of
                  | mutation]
  4453 | D:5      | 4453 ||| READING 2 scrolls of identify.
  4453 | D:5      | 4453 ||| IDENTIFYING brown potion
  4454 | D:5      | 4454 ||| DROPPING potion of brilliance.
  4461 | Temple   | Entered the Ecumenical Temple
  4485 | Temple   | 4485 ||| PLANNING OKAWARU WORSHIP
  4651 | Temple   | Became a worshipper of Warmaster Okawaru
  4652 | Temple   | 4652 ||| PLANNING D:1-11
  4703 | D:5      | 4703 ||| INVOKING Spit Poison.
  4706 | D:5      | 4706 ||| INVOKING Spit Poison.
  4798 | D:5      | 4798 ||| INVOKING Spit Poison.
  4801 | D:5      | 4801 ||| INVOKING Spit Poison.
  4866 | D:5      | 4866 ||| INVOKING Spit Poison.
  4904 | D:5      | 4904 ||| INVOKING Spit Poison.
  4934 | D:5      | Found Reywa's Jewellery Shoppe.
  4935 | D:5      | 4935 ||| INVOKING Spit Poison.
  4947 | D:5      | 4947 ||| SHOPLISTING +4 ring of protection (504 gold, have
                  | 170).
  4947 | D:5      | 4947 ||| SHOPLISTING amulet of the acrobat (420 gold, have
                  | 170).
  4947 | D:5      | 4947 ||| SHOPLISTING ring of positive energy (280 gold,
                  | have 170).
  4947 | D:5      | 4947 ||| SHOPLISTING ring of protection from fire (350
                  | gold, have 170).
  4963 | D:5      | 4963 ||| INVOKING Spit Poison.
  5168 | D:5      | 5168 ||| READING scroll labelled COETAIF RUEXATIK.
  5169 | D:5      | 5169 ||| READING scroll labelled DYEGIE VOKKEU.
  5221 | D:6      | 5221 ||| INVOKING Spit Poison.
  5226 | D:6      | 5226 ||| INVOKING Spit Poison.
  5227 | D:6      | 5227 ||| Stepping ~*~*~tactically~*~*~ (outnumbered).
  5229 | D:6      | 5229 ||| INVOKING Spit Poison.
  5235 | D:6      | 5235 ||| INVOKING Spit Poison.
  5242 | D:6      | 5242 ||| INVOKING Spit Poison.
  5247 | D:6      | 5247 ||| INVOKING Spit Poison.
  5258 | D:6      | 5258 ||| INVOKING Spit Poison.
  5343 | D:6      | 5343 ||| INVOKING Spit Poison.
  5347 | D:6      | Reached skill level 9 in Ranged Weapons
  5352 | D:6      | 5352 ||| INVOKING Spit Poison.
  5357 | D:6      | 5357 ||| INVOKING Spit Poison.
  5363 | D:6      | 5363 ||| INVOKING Spit Poison.
  5368 | D:6      | Reached skill level 3 in Dodging
  5370 | D:6      | 5370 ||| INVOKING Spit Poison.
  5435 | D:6      | 5435 ||| INVOKING Spit Poison.
  5442 | D:6      | 5442 ||| INVOKING Spit Poison.
  5478 | D:6      | Noticed a troll
  5479 | D:6      | 5479 ||| INVOKING Spit Poison.
  5487 | D:6      | 5487 ||| INVOKING Spit Poison.
  5488 | D:6      | Killed a troll
  5488 | D:6      | Reached * piety under Okawaru
  5489 | D:6      | Reached skill level 6 in Fighting
  5489 | D:6      | Reached XP level 9. HP: 59/85 MP: 9/9
  5603 | D:6      | 5603 ||| INVOKING Spit Poison.
  5714 | D:7      | 5714 ||| INVOKING Spit Poison.
  5720 | D:7      | Reached skill level 1 in Invocations
  5721 | D:7      | 5721 ||| INVOKING Spit Poison.
  5728 | D:7      | 5728 ||| INVOKING Spit Poison.
  5733 | D:7      | 5733 ||| INVOKING Spit Poison.
  5737 | D:7      | 5737 ||| INVOKING Spit Poison.
  5743 | D:7      | 5743 ||| INVOKING Heroism.
  5744 | D:7      | 5744 ||| INVOKING Spit Poison.
  5763 | D:7      | 5763 ||| INVOKING Spit Poison.
  5787 | D:7      | 5787 ||| INVOKING Spit Poison.
  5790 | D:7      | Reached skill level 3 in Invocations
  5795 | D:7      | 5795 ||| INVOKING Heroism.
  5802 | D:7      | HP: 8/81 [wight/+0 war axe (14)]
  5803 | D:7      | 5803 ||| READING scroll of teleportation.
  5804 | D:7      | 5804 ||| DRINKING 2 potions of heal wounds.
  5809 | D:7      | 5809 ||| INVOKING Spit Poison.
  5814 | D:7      | 5814 ||| INVOKING Heroism.
  5821 | D:7      | 5821 ||| FLEEEEING.
  5822 | D:7      | 5822 ||| FLEEEEING.
  5824 | D:7      | 5824 ||| STAIRDANCE
  6100 | D:7      | 6100 ||| UPGRADING to +0 arbalest.
  6101 | D:7      | 6101 ||| DROPPING +2 shortbow of freezing.
  6189 | D:7      | 6189 ||| INVOKING Spit Poison.
  6191 | D:7      | 6191 ||| INVOKING Heroism.
  6193 | D:7      | 6193 ||| INVOKING Spit Poison.
  6198 | D:7      | 6198 ||| INVOKING Spit Poison.
  6201 | D:7      | 6201 ||| INVOKING Spit Poison.
  6204 | D:7      | Reached skill level 10 in Ranged Weapons
  6204 | D:7      | 6204 ||| INVOKING Spit Poison.
  6206 | D:7      | HP: 21/85 [orc warrior/+0 trident (4)]
  6207 | D:7      | 6207 ||| DRINKING potion of heal wounds.
  6208 | D:7      | 6208 ||| INVOKING Spit Poison.
  6209 | D:7      | Reached ** piety under Okawaru
  6371 | D:7      | 6371 ||| INVOKING Spit Poison.
  6396 | D:7      | Found Tegga's Tiny Tomes.
  6481 | D:7      | 6481 ||| INVOKING Spit Poison.
  6633 | D:7      | 6633 ||| READING 3 scrolls of identify.
  6633 | D:7      | 6633 ||| IDENTIFYING lumpy coppery potion
  6634 | D:7      | 6634 ||| READING 2 scrolls of identify.
  6634 | D:7      | 6634 ||| IDENTIFYING lumpy amethyst potion
  6635 | D:7      | 6635 ||| DROPPING potion of ambrosia.
  6636 | D:7      | 6636 ||| DROPPING potion of enlightenment.
  6652 | D:8      | Noticed Erica
  6653 | D:8      | 6653 ||| INVOKING Heroism.
  6654 | D:8      | 6654 ||| INVOKING Spit Poison.
  6661 | D:8      | 6661 ||| INVOKING Spit Poison.
  6663 | D:8      | Killed Erica
  6664 | D:8      | Reached XP level 10. HP: 62/92 MP: 11/13
  6853 | D:8      | 6853 ||| INVOKING Spit Poison.
  6858 | D:8      | 6858 ||| INVOKING Spit Poison.
  6861 | D:8      | 6861 ||| INVOKING Spit Poison.
  6879 | D:8      | 6879 ||| INVOKING Spit Poison.
  7081 | D:8      | 7081 ||| INVOKING Spit Poison.
  7102 | D:8      | 7102 ||| INVOKING Spit Poison.
  7432 | D:8      | 7432 ||| INVOKING Spit Poison.
  7519 | D:8      | Found a sacrificial altar of Ru.
  7520 | D:8      | Found a bloodstained altar of Trog.
  7522 | D:8      | Found a hazy altar of Hepliaklqana.
  7536 | D:8      | Reached *** piety under Okawaru
  7624 | D:8      | 7624 ||| UPGRADING to ring of resist corrosion.
  7625 | D:8      | 7625 ||| READING scroll labelled OPPULO SAERIDEE.
  7626 | D:8      | 7626 ||| READING scroll labelled LAHEUD ISYK.
  7733 | D:9      | 7733 ||| INVOKING Spit Poison.
  7737 | D:9      | 7737 ||| INVOKING Spit Poison.
  7872 | D:9      | 7872 ||| INVOKING Spit Poison.
  7875 | D:9      | 7875 ||| INVOKING Spit Poison.
  7878 | D:9      | 7878 ||| INVOKING Spit Poison.
  7879 | D:9      | 7879 ||| INVOKING Heroism.
  7880 | D:9      | HP: 18/94 [orc priest/divine providence (15)]
  7881 | D:9      | 7881 ||| READING 2 scrolls of teleportation.
  7882 | D:9      | 7882 ||| DRINKING potion of heal wounds.
  7883 | D:9      | 7883 ||| INVOKING Spit Poison.
  7883 | D:9      | Found a radiant altar of Vehumet.
  7891 | D:9      | 7891 ||| INVOKING Spit Poison.
  7896 | D:9      | 7896 ||| INVOKING Spit Poison.
  7899 | D:9      | 7899 ||| INVOKING Spit Poison.
  7900 | D:9      | 7900 ||| INVOKING Heroism.
  7902 | D:9      | 7902 ||| INVOKING Spit Poison.
  8064 | D:9      | Found a staircase to the Orcish Mines.
  8069 | D:9      | 8069 ||| INVOKING Spit Poison.
  8073 | D:9      | 8073 ||| INVOKING Spit Poison.
  8074 | D:9      | 8074 ||| INVOKING Heroism.
  8079 | D:9      | Reached skill level 11 in Ranged Weapons
  8080 | D:9      | 8080 ||| INVOKING Spit Poison.
  8405 | D:9      | Found Ithastrai's General Store.
  8409 | D:9      | 8409 ||| BUYING scroll of enchant weapon (97 gold).
  8409 | D:9      | Bought a scroll of enchant weapon for 97 gold pieces
  8409 | D:9      | 8409 ||| BUYING scroll of identify (26 gold).
  8409 | D:9      | Bought a scroll of identify for 26 gold pieces
  8409 | D:9      | 8409 ||| READING scroll of enchant weapon.
  8409 | D:9      | 8409 ||| ENCHANTING +0 arbalest.
  8511 | D:9      | 8511 ||| INVOKING Heroism.
  8512 | D:9      | 8512 ||| INVOKING Spit Poison.
  8515 | D:9      | 8515 ||| INVOKING Spit Poison.
  8517 | D:9      | Reached skill level 1 in Armour
  8521 | D:9      | 8521 ||| INVOKING Spit Poison.
  8959 | D:9      | 8959 ||| DRINKING 2 murky pink potions.
  8998 | D:10     | Entered Level 10 of the Dungeon
  9009 | D:10     | 9009 ||| INVOKING Heroism.
  9010 | D:10     | 9010 ||| INVOKING Spit Poison.
  9014 | D:10     | 9014 ||| INVOKING Spit Poison.
  9019 | D:10     | 9019 ||| INVOKING Spit Poison.
  9077 | D:10     | 9077 ||| Stepping ~*~*~tactically~*~*~ (outnumbered).
  9155 | D:10     | 9155 ||| INVOKING Spit Poison.
  9156 | D:10     | 9156 ||| Stepping ~*~*~tactically~*~*~ (outnumbered).
  9161 | D:10     | 9161 ||| INVOKING Spit Poison.
  9165 | D:10     | 9165 ||| INVOKING Heroism.
  9168 | D:10     | 9168 ||| INVOKING Spit Poison.
  9171 | D:10     | 9171 ||| INVOKING Spit Poison.
  9176 | D:10     | 9176 ||| INVOKING Spit Poison.
  9282 | D:10     | 9282 ||| INVOKING Heroism.
  9284 | D:10     | 9284 ||| INVOKING Spit Poison.
  9289 | D:10     | 9289 ||| Stepping ~*~*~tactically~*~*~ (cloud).
  9497 | D:10     | 9497 ||| DROPPING +0 acid dragon scales.
  9498 | D:10     | 9498 ||| UPGRADING to +0 steam dragon scales.
  9508 | D:10     | 9508 ||| DROPPING +1 robe of Fun {rN+}.
  9701 | D:11     | 9701 ||| INVOKING Heroism.
  9702 | D:11     | 9702 ||| INVOKING Spit Poison.
  9739 | D:11     | Noticed an unseen horror
  9741 | D:11     | 9741 ||| INVOKING Spit Poison.
  9744 | D:11     | 9744 ||| INVOKING Spit Poison.
  9747 | D:11     | 9747 ||| INVOKING Spit Poison.
  9747 | D:11     | Killed an unseen horror
  9822 | D:11     | 9822 ||| READING scroll of enchant weapon.
  9822 | D:11     | 9822 ||| ENCHANTING +1 arbalest.
  9862 | D:11     | 9862 ||| INVOKING Heroism.
  9863 | D:11     | 9863 ||| INVOKING Spit Poison.
 10068 | D:11     | You fall into a shaft and drop 2 floors!
 10082 | D:13     | 10082 ||| READING 6 scrolls of identify.
 10082 | D:13     | 10082 ||| IDENTIFYING blue potion
 10083 | D:13     | 10083 ||| DROPPING potion of degeneration.
 10095 | D:12     | 10095 ||| INVOKING Spit Poison.
 10096 | D:12     | 10096 ||| Stepping ~*~*~tactically~*~*~ (outnumbered).
 10099 | D:12     | 10099 ||| INVOKING Spit Poison.
 10103 | D:12     | Reached XP level 11. HP: 77/103 MP: 14/14
 10103 | D:12     | 10103 ||| INVOKING Spit Poison.
 10104 | D:12     | 10104 ||| INVOKING Heroism.
 10106 | D:12     | HP: 20/103 [hell hound/blast of flame[Azrael] (8)]
 10107 | D:12     | 10107 ||| READING 2 scrolls of teleportation.
 10108 | D:12     | 10108 ||| DRINKING potion of heal wounds.
 10110 | D:12     | 10110 ||| INVOKING Spit Poison.
 10114 | D:12     | HP: 25/103 [vampire mosquito (4)]
 10114 | D:12     | Noticed Azrael
 10115 | D:12     | 10115 ||| READING scroll of teleportation.
 10118 | D:12     | 10118 ||| INVOKING Spit Poison.
 10186 | D:12     | 10186 ||| INVOKING Heroism.
 10192 | D:12     | Noticed a cyclops
 10199 | D:12     | Reached skill level 12 in Ranged Weapons
 10199 | D:12     | 10199 ||| INVOKING Spit Poison.
 10201 | D:12     | 10201 ||| INVOKING Heroism.
 10206 | D:12     | 10206 ||| INVOKING Spit Poison.
 10209 | D:12     | Killed a cyclops
 10212 | D:12     | 10212 ||| INVOKING Spit Poison.
 10606 | D:11     | 10606 ||| INVOKING Heroism.
 10607 | D:11     | 10607 ||| INVOKING Spit Poison.
 10612 | D:11     | 10612 ||| INVOKING Spit Poison.
 10616 | D:11     | 10616 ||| INVOKING Spit Poison.
 10693 | D:11     | 10693 ||| INVOKING Spit Poison.
 10700 | D:11     | 10700 ||| INVOKING Spit Poison.
 10700 | D:11     | Noticed a skeletal warrior
 10701 | D:11     | 10701 ||| INVOKING Heroism.
 10702 | D:11     | Noticed a skeletal warrior
 10702 | D:11     | Noticed a skeletal warrior
 10707 | D:11     | 10707 ||| INVOKING Spit Poison.
 10709 | D:11     | Killed a skeletal warrior
 10711 | D:11     | Noticed a skeletal warrior
 10718 | D:11     | HP: 14/103 [skeletal warrior/+0 dire flail (17)]
 10719 | D:11     | 10719 ||| READING scroll of teleportation.
 10720 | D:11     | Slain by a skeletal warrior

Levels and vault maps discovered:
D:1:      heliophobic_arrival_enchanted_forest, layout_loops_ring, serial_shops,
          nicolae_shop_trees, chequers_ecumenical_altar_lobes,
          minmay_pentomino_u4
D:2:      layout_basic
D:3:      layout_loops_corners, minmay_misc_feat_cross, uniq_terence
D:4:      layout_rooms, nicolae_overflow_squiral
D:5:      layout_cave_pods, temple_green, gammafunk_ghost_smash, serial_shops,
          shop, cheibrodos_sewer_entry_sluice, minmay_misc_feat_hallway
D:6:      layout_rooms
D:7:      layout_basic, nicolae_shop_i_like_small_books_too,
          hangedman_decor_opposing
D:8:      layout_gridville, gammafunk_temple_overflow_forgotten, uniq_erica
D:9:      layout_loops_corners, nicolae_overflow_crystal_walls, erik_orc_4,
          serial_shops, shop
D:10:     layout_rooms
D:11:     layout_basic, erik_lair_dragon
D:12:     layout_small_grid, onia_ninara_cookie, uniq_azrael
D:13:     layout_basic, david_vaults_5
Temple:   eino_temple_scatter_basement

Skill      XL: |  1  2  3  4  5  6  7  8  9 10 11 |
---------------+----------------------------------+-----
Ranged Weapons | 4 5 6 7 9 10 11 12 | 12.7
Fighting       | 3 4 6 8 |  8.0
Dodging        | 2 3 5 |  5.4
Invocations    | 4 |  4.0
Armour         | 2 |  2.0
Stealth        | |  1.5

Action                     |  1- 3 |  4- 6 |  7- 9 | 10-12 || total
---------------------------+-------+-------+-------+-------++-------
   Fire: Shortbow          |    59 |   111 |   298 |       ||   468
         Arbalest          |       |       |    27 |   202 ||   229
 Invoke: Heroism           |       |       |     5 |    14 ||    19
Ability: Spit Poison       |    25 |    43 |    71 |    51 ||   190
    Use: Scroll            |     2 |     6 |    12 |     9 ||    29
         Potion            |       |     2 |     4 |     3 ||     9
 Armour: Leather armour    |     9 |    12 |       |       ||    21
         Robe              |       |     5 |    38 |    29 ||    72
         Steam dragon scal |       |       |       |    16 ||    16
  Dodge: Dodged            |    11 |    38 |    77 |   145 ||   271

Table legend:
 A = Non-vault XP
 B = Vault XP
 C = Vault XP percentage of total XP
 D = Non-vault monster count
 E = Vault monster count
 F = Vault count percentage of total count
                 A         B        C        D         E       F
            +---------+---------+-------+---------+---------+-------
      Total |    8938 |    3173 |  26.2 |     200 |      50 |  20.0
            +---------+---------+-------+---------+---------+-------
        D:1 |      33 |       8 |  19.5 |      21 |       4 |  16.0
        D:2 |     100 |       0 |   0.0 |      28 |       0 |   0.0
        D:3 |      23 |      38 |  62.3 |       7 |       1 |  12.5
        D:4 |     730 |       0 |   0.0 |      32 |       0 |   0.0
        D:5 |     473 |       5 |   1.0 |      16 |       3 |  15.8
        D:6 |     876 |       0 |   0.0 |      21 |       0 |   0.0
        D:7 |    1493 |       0 |   0.0 |      31 |       0 |   0.0
        D:8 |     889 |     821 |  48.0 |      11 |       1 |   8.3
        D:9 |     457 |     793 |  63.4 |       6 |      17 |  73.9
       D:10 |     821 |       0 |   0.0 |      15 |       0 |   0.0
       D:11 |    1758 |     588 |  25.1 |       5 |       2 |  28.6
       D:12 |    1285 |     672 |  34.3 |       7 |       4 |  36.4
      Sewer |       0 |     248 | 100.0 |       0 |      18 | 100.0
            +---------+---------+-------+---------+---------+-------
